 Dungeon Crawl Stone Soup version 0.29.1-13-g9f3cf754e1 (webtiles) character file.

Game seed: 1346272558636123516

83 xian the Magician (level 4, -13/31 HPs)
             Began as a Demonspawn Hedge Wizard on Feb 8, 2023.
             Mangled by Pikel
             ... wielding a +0 whip of electrocution
              (16 damage)
             ... on level 4 of the Dungeon.
             The game lasted 00:05:28 (2263 turns).

xian the Magician (Demonspawn Hedge Wizard)         Turns: 2263, Time: 00:05:28

Health: -13/31     AC:  4    Str: 10    XL:     4   Next: 22%
Magic:  9/9        EV: 11    Int: 18    God:
Gold:   80         SH:  0    Dex: 12    Spells: 7/10 levels left

rFire   . . .      SeeInvis .   g - +2 dagger (venom)
rCold   . . .      Faith    .   (no shield)
rNeg    . . .      Spirit   .   h - +0 leather armour
rPois   .          Reflect  .   c - +0 hat
rElec   .          Harm     .   (no cloak)
rCorr   .          Rampage  .   (no gloves)
Will    .....                   (no boots)
Stlth   ++........              (no amulet)
HPRegen 1.10/turn               (no ring)
MPRegen 0.11/turn               (no ring)

@: mighty
A: powered by death 1, sharp scales 1
a: no special abilities


You were on level 4 of the Dungeon.
You visited 1 branch of the dungeon, and saw 3 of its levels.

You collected 80 gold pieces.

Inventory:

Hand Weapons
 g - a +2 dagger of venom (weapon)
Armour
 c - a +0 hat (worn)
 h - a +0 leather armour (worn)
Scrolls
 b - a scroll of blinking {unknown}
 e - a scroll of silence {unknown}
Potions
 d - a potion of magic
 f - a potion of flight {unknown}
 i - a potion of berserk rage {unknown}


   Skills:
 + Level 0.4 Fighting
 + Level 0.4 Short Blades
 + Level 1.1 Armour
 + Level 1.9 Dodging
 + Level 2.3 Stealth
 + Level 3.7 Spellcasting
 + Level 1.8 Conjurations
 + Level 1.0 Summonings
 + Level 0.8 Translocations


You had 7 spell levels left.
You knew the following spells:

 Your Spells              Type           Power      Damage    Failure   Level
a - Magic Dart            Conj           40%        1d5       10%         1
b - Call Imp              Summ           7%         N/A       21%         2

Your spell library contained the following spells:

 Spells                   Type           Power      Damage    Failure   Level
 Slow                     Hex            12%        N/A       21%         1
 Blink                    Tloc           12%        N/A       22%         2
 Conjure Flame            Conj/Fire      6%         6-21      38%         3
 Mephitic Cloud           Conj/Pois/Air  5%         N/A       43%         3


Dungeon Overview and Level Annotations

Branches:
Dungeon (2/15)

Altars:

Annotations:
D:4 Pikel


Innate Abilities, Weirdness & Mutations

You regenerate a little health from kills.
You are partially covered in razor-sharp scales. (AC +1, Slay +1)


Message History

A lemure comes into view.
The iguana closely misses you.
Found a helmet.
The iguana bites you!
The orc priest mumbles some strange prayers to Beogh against you.
Beogh smites you!
Ouch! That really hurt!
* * * LOW HITPOINT WARNING * * *
It was a potion of might.
You feel very mighty all of a sudden. Pikel waves his whip at you.
The iguana barely misses you.
Okay, then.
You completely miss the iguana. The iguana closely misses you.
Unknown command.
It was a potion of curing.
You feel better.
Pikel says, "You'll feel the lick of my whip!"
The iguana misses you.
You hit the iguana but do no damage.
The iguana is poisoned.
The iguana completely misses you.
You hit the iguana.
The iguana is moderately wounded.
The iguana barely misses you.
You hit the iguana.
The iguana is heavily wounded.
The iguana bites you!
* * * LOW HITPOINT WARNING * * *
Unknown command.
You puncture the iguana!
You kill the iguana!
Your Armour skill increases to level 1!
You have reached level 4!
You feel clever.
Your demonic ancestry asserts itself...
Sharp scales grow over part of your body.
You hit Pikel.
Pikel is lightly wounded.
Pikel hits you with a +0 whip of electrocution.
* * * LOW HITPOINT WARNING * * *
You are electrocuted!
Ouch! That really hurt!
You die...

##########..# *,* *,* #..#
*,* *,* #..#*****,* *,*
#...,,,,,,* *,****
#.###****** *,,,,* #.# ****,*
############.# *,*
.............########### *,*
###########55o5K@...[..# *,*
*******,#.##########.# *,*
***,,8,,,55.#*********,****,*
,,*,,,,......,,,,,,,,,,,,,,,*
**,8,∩.85..?#*********,******
*,,,,....#.# *,*
**,,,8..###.# *,* ,,,,,###*
#.#*********,* ******
*,,,,,,,,,,,,*


You could see Pikel, 3 lemures and an orc priest.

Vanquished Creatures
  An iguana (D:4)
  2 adders
  6 ball pythons
  A bat (D:2)
  An endoplasm (D:1)
  A giant cockroach (D:4)
  3 goblins
  4 hobgoblins
  4 jackals (D:4)
  4 kobolds
  2 quokkas
  2 frilled lizards (D:2)
  3 rats
34 creatures vanquished.

Vanquished Creatures (collateral kills)
  A rat (D:2)
1 creature vanquished.

Grand Total: 35 creatures vanquished

Notes
Turn   | Place    | Note
-------+----------+-------------------------------------------
     0 | D:1      | xian the Demonspawn Hedge Wizard began the quest for the
                  | Orb.
     0 | D:1      | Reached XP level 1. HP: 13/13 MP: 4/4
   576 | D:1      | Gained mutation: You regenerate a little health from kills.
                  | [demonic ancestry]
   576 | D:1      | Reached XP level 2. HP: 19/19 MP: 3/6
  1819 | D:2      | Reached XP level 3. HP: 13/24 MP: 1/8
  1822 | D:2      | Learned a level 2 spell: Call Imp
  2126 | D:2      | You fall into a shaft and drop 2 floors!
  2248 | D:4      | Noticed a lemure
  2248 | D:4      | Noticed a lemure
  2249 | D:4      | Noticed Pikel
  2249 | D:4      | Noticed a lemure
  2251 | D:4      | Noticed a lemure
  2263 | D:4      | Reached skill level 1 in Armour
  2263 | D:4      | Gained mutation: You are partially covered in razor-sharp
                  | scales. (AC +1, Slay +1) [demonic ancestry]
  2263 | D:4      | Reached XP level 4. HP: 5/31 MP: 9/9
  2263 | D:4      | Mangled by Pikel

Illustrated notes

Levels and vault maps discovered:
D:1:      dpeg_arrival_erosion, layout_basic, interstate_on_off
D:2:      layout_loops_corners, st_stairs_11
D:4:      layout_loops_ring, nicolae_ossuary_entry_monument, uniq_pikel,
          uniq_menkaure

Skill      XL: |  1  2  3 |
---------------+----------+-----
Stealth        | 2 |  2.3
Armour         | 1 |  1.1
Fighting       | |  0.4
Short Blades   | |  0.4
Dodging        | |  1.9
Spellcasting   | |  3.7
Conjurations   | |  1.8
Summonings     | |  1.0
Translocations | |  0.8

Action                   |  1- 3 |  4- 6 || total
-------------------------+-------+-------++-------
Melee: Dagger            |    64 |     1 ||    65
 Cast: Magic Dart        |    53 |       ||    53
       Call Imp          |     1 |       ||     1
  Use: Scroll            |     5 |       ||     5
       Potion            |     2 |       ||     2
 Stab: Sleeping          |     3 |       ||     3
Armor: Leather armour    |     9 |       ||     9
Dodge: Dodged            |    37 |       ||    37
